 Dungeon Crawl Stone Soup version 0.22-a0-292-g0df9d5f (webtiles) character file.

3665 MatthieuS the Martial Artist (level 10, -1/77 HPs)
             Began as a Human Monk on Mar 23, 2018.
             Was a Priest of Qazlal.
             Slain by a troll (12 damage)
             ... on level 8 of the Dungeon.
             The game lasted 00:20:08 (7859 turns).

MatthieuS the Martial Artist (Human Monk)           Turns: 7859, Time: 00:20:08

Health: -1/77      AC: 11    Str: 14    XL:     10   Next: 34%
Magic:  13/13      EV: 14    Int: 12    God:    Qazlal [***...]
Gold:   558        SH:  9    Dex: 17    Spells: 8/9 levels left

rFire    . . .     SeeInvis +     - Unarmed
rCold    . . .     Gourm    .   h - +0 buckler
rNeg     . . .     Faith    .   g - +1 ring mail of Kaish {rPois SInv Stlth-} (curse)
rPois    +         Spirit   .   (no helmet)
rElec    .         Reflect  .   x - +0 cloak
rCorr    .         Harm     .   c - +2 pair of gloves {archery}
MR       .....                  (no boots)
Stlth    ..........             (no amulet)
HPRegen  0.22/turn              d - +2 ring of intelligence
MPRegen  0.13/turn              (no ring)

@: no status effects
A: no striking features
a: Upheaval, Elemental Force, Renounce Religion


You were on level 8 of the Dungeon.
You worshipped Qazlal.
Qazlal was most pleased with you.
You were hungry.

You visited 1 branch of the dungeon, and saw 8 of its levels.

You collected 558 gold pieces.

Inventory:

Missiles
 b - 7 poisoned needles
Armour
 c - a +2 pair of gloves of archery (worn)
   (You found it on level 5 of the Dungeon)
 g - the cursed +1 ring mail of Kaish (worn) {rPois SInv Stlth-}
   (You found it on level 5 of the Dungeon)

   It protects you from poison.
   It lets you see invisible.
   It makes you less stealthy.
   It has a curse placed upon it.
 h - a +0 buckler (worn)
   (You found it on level 1 of the Dungeon)
 s - a +0 plate armour
   (You found it on level 3 of the Dungeon)
 x - a +0 cloak (worn)
   (You found it on level 7 of the Dungeon)
Jewellery
 d - a +2 ring of intelligence (left hand)
   (You found it on level 7 of the Dungeon)
 z - an uncursed ring of see invisible
   (You found it on level 7 of the Dungeon)
Wands
 u - a wand of paralysis (7)
   (You found it on level 2 of the Dungeon)
Scrolls
 i - 2 scrolls of remove curse {@r2}
 j - a scroll of enchant weapon
 l - 2 scrolls of amnesia
 n - 2 scrolls of teleportation {@r4}
 p - a scroll of immolation {!r}
 t - a scroll of fog
Potions
 a - a potion of might {unknown}
 f - 4 potions of haste {@q3}
 k - 6 potions of curing {@q1}
 m - a potion of degeneration {!q}
 q - 2 potions of heal wounds {@q2}
 r - 2 potions of flight
 w - 2 potions of cancellation
Comestibles
 e - 20 rations
 o - 5 chunks of flesh


   Skills:
 + Level 6.9 Fighting
 + Level 4.2 Armour
 + Level 5.4 Dodging
 - Level 2.0 Stealth
 - Level 4.0 Shields
 * Level 8.8 Unarmed Combat
 + Level 4.5 Invocations
 + Level 4.0 Evocations


You had 8 spell levels left.
You knew the following spells:

 Your Spells              Type           Power        Failure   Level  Hunger
a - Confusing Touch       Hex            #.....       54%         1    ##.....


Dungeon Overview and Level Annotations

Branches:
Dungeon (8/15)             Temple (0/1) D:7
   Lair: D:8-11

Altars:
Ashenzari
Dithmenos
Gozag
Qazlal
Ru
Trog
Uskayaw
Vehumet
The Shining One


Message History

The two-headed ogre hits you with a dire flail.
* * * LOW HITPOINT WARNING * * *
The kobold barely misses you. The orc barely misses you. The kobold misses you.
You block the kobold's attack.
Things that are here:
15 gold pieces; 5 stones; 2 poisoned needles The orc completely misses you.
You block the orc's attack.
You see here a stone.
You see here 2 stones.
Aim: a two-headed ogre, wielding a giant club and a dire flail (chance to defeat MR: 40%)
The two-headed ogre suddenly stops moving!
The troll closely misses you. You block the troll's attack.
The troll barely misses you.
You see here a stone.
The helpless two-headed ogre fails to defend itself.
You hit the two-headed ogre. You block the troll's attack. x2
The troll closely misses you.
The helpless two-headed ogre fails to defend itself.
You punch the two-headed ogre! The orc hits you but does no damage.
The troll barely misses you. You block the troll's attack.
The troll closely misses you.
The sky beast flickers out of sight for a moment.
The helpless two-headed ogre fails to defend itself.
You hit the two-headed ogre. The orc barely misses you. The troll misses you.
The troll barely misses you. The troll misses you.
The helpless two-headed ogre fails to defend itself.
You pummel the two-headed ogre!! The orc closely misses you.
The helpless two-headed ogre fails to defend itself.
You hit the two-headed ogre. You block the troll's attack. The troll claws you!
* * * LOW HITPOINT WARNING * * *
You block the troll's attack. The orc hits you but does no damage.
The helpless two-headed ogre fails to defend itself.
You punch the two-headed ogre!
You are feeling hungry.
The troll is struck by lightning.
The troll bites you but does no damage. The troll claws you but does no damage.
The troll barely misses you.
Unknown command.
The helpless two-headed ogre fails to defend itself.
You hit the two-headed ogre. You block the orc's attack.
You block the troll's attack. The troll closely misses you.
The troll claws you but does no damage.
Unknown command.
The helpless two-headed ogre fails to defend itself.
You hit the two-headed ogre but do no damage.
You block the orc's attack. The troll bites you!
* * * LOW HITPOINT WARNING * * *
The troll claws you!
You die...

#.## ##.## ##.# #.#
#.# #.# #.### . #.
.. #.o.####...# #.
..# #KO@(......# #.
...#####KT#########
#. ......)(K## ####
#. .###..).Y#
###...## ##.
##..≈.####...##..#
##.. ##........#
#..###.†.
#........# #.....)#
#...##...# ##...###
#..#####.## ##..# #


You could see a two-headed ogre (paralysed), a troll, a sky beast, an orc and 3
kobolds.

Vanquished Creatures
  Psyche (D:8)
  4 hogs
  A water moccasin (D:8)
  2 ice beasts
  An orc warrior (D:6)
  A necrophage (D:6)
  A phantom (D:8)
  5 ogres
  2 centaurs
  Blork the orc (D:5)
  2 big kobolds
  4 bullfrogs
  A scorpion (D:4)
  3 howler monkeys
  2 crimson imps
  A quasit (D:6)
  3 orc priests
  A jelly (D:7)
  3 hounds
  A centaur skeleton (D:4)
  2 bullfrog skeletons
  8 orc wizards
  5 worker ants
  2 hound skeletons
  A hound zombie (D:6)
  A worker ant zombie (D:5)
  A howler monkey skeleton (D:4)
  8 adders
  A shadow imp (D:5)
  An adder zombie (D:8)
  A worm (D:2)
  A dart slug (D:1)
  6 leopard geckos
  9 orcs
  A ball python (D:3)
  8 giant cockroaches
  9 hobgoblins
  10 jackals
  11 kobolds
  2 quokkas
  6 bats
  7 frilled lizards
  7 goblins
  A jackal zombie (D:6)
  3 quokka skeletons
  4 rats
156 creatures vanquished.

Vanquished Creatures (collateral kills)
  A human (D:6)
1 creature vanquished.

Grand Total: 157 creatures vanquished

Notes
Turn   | Place    | Note
-------+----------+-------------------------------------------
     0 | D:1      | MatthieuS the Human Monk began the quest for the Orb.
     0 | D:1      | Reached XP level 1. HP: 18/18 MP: 1/1
   272 | D:1      | Reached XP level 2. HP: 24/24 MP: 2/2
   865 | D:1      | Reached XP level 3. HP: 19/29 MP: 3/3
  1611 | D:2      | Reached XP level 4. HP: 21/35 MP: 4/4
  2085 | D:2      | Reached skill level 1 in Shields
  2108 | D:2      | Found a shadowy altar of Dithmenos.
  2435 | D:2      | Found a shattered altar of Ashenzari.
  2435 | D:2      | Found a shadowy altar of Dithmenos.
  2633 | D:2      | Reached skill level 4 in Unarmed Combat
  2793 | D:3      | Found a hide-covered altar of Uskayaw.
  2814 | D:3      | Found a stormy altar of Qazlal.
  2820 | D:3      | Became a worshipper of Qazlal Stormbringer
  2820 | D:3      | Reached * piety under Qazlal
  2820 | D:3      | Reached ** piety under Qazlal
  3034 | D:3      | Reached XP level 5. HP: 40/41 MP: 5/5
  3265 | D:2      | Found a sacrificial altar of Ru.
  3379 | D:4      | Reached XP level 6. HP: 23/48 MP: 6/6
  3397 | D:4      | Reached skill level 5 in Unarmed Combat
  3900 | D:4      | Found a glowing golden altar of the Shining One.
  4025 | D:4      | Reached XP level 7. HP: 45/55 MP: 7/7
  4089 | D:4      | Reached skill level 6 in Unarmed Combat
  4253 | D:5      | Entered Level 5 of the Dungeon
  4423 | D:5      | Noticed Blork the orc
  4436 | D:5      | Killed Blork the orc
  4436 | D:5      | Reached skill level 1 in Invocations
  4436 | D:5      | Reached skill level 1 in Evocations
  4436 | D:5      | Reached XP level 8. HP: 55/61 MP: 4/8
  4558 | D:5      | Reached skill level 5 in Fighting
  4942 | D:5      | Got a faintly glowing ring mail
  4953 | D:5      | Identified the cursed +1 ring mail of Kaish {rPois SInv Stlth-} (You found it on level 5 of the Dungeon)
  5203 | D:6      | Reached skill level 7 in Unarmed Combat
  5302 | D:6      | Reached skill level 1 in Armour
  5365 | D:6      | Reached XP level 9. HP: 40/68 MP: 11/11
  5558 | D:6      | Reached *** piety under Qazlal
  5694 | D:6      | Found a radiant altar of Vehumet.
  5988 | D:6      | Found a bloodstained altar of Trog.
  6215 | D:7      | Learned a level 1 spell: Confusing Touch
  6302 | D:7      | Found a staircase to the Ecumenical Temple.
  7103 | D:6      | Reached skill level 8 in Unarmed Combat
  7399 | D:8      | Reached XP level 10. HP: 47/77 MP: 12/12
  7499 | D:8      | Reached skill level 5 in Dodging
  7633 | D:8      | Found an opulent altar of Gozag.
  7680 | D:8      | Noticed Psyche
  7692 | D:8      | Killed Psyche
  7833 | D:8      | Noticed a two-headed ogre
  7859 | D:8      | Slain by a troll

Vault maps used:
D:1:      lightli_arrival_maybe_door_vault
D:2:      nicolae_overflow_hidden_temple,
          nicolae_dithmenos_through_a_glass_darkly
D:3:      grunt_qazlal_sundering, lemuel_crystal_altar, first_ration
D:4:      lemuel_round_altar
D:5:      uniq_blork_the_orc
D:6:      marbit_many_paths, kennysheep_another_room, minmay_door_square,
          trog_book
D:7:      cheibrodos_quashed, minmay_temple_entry_fiery, grunt_livestock
D:8:      yredelemnul_altar_generic,
          nicolae_gozag_cash_rules_everything_around_me, uniq_psyche

Skill      XL: |  1  2  3  4  5  6  7  8  9 10 |
---------------+-------------------------------+-----
Shields        | 1 2 3 4 |  4.0
Unarmed Combat | 4 5 6 7 8 |  8.8
Fighting       | 4 5 6 |  6.9
Invocations    | 1 2 3 4 |  4.5
Evocations     | 1 2 3 4 |  4.0
Armour         | 1 3 4 |  4.2
Dodging        | 4 5 |  5.4
Stealth        | |  2.0

Action                   |  1- 3 |  4- 6 |  7- 9 | 10-12 || total
-------------------------+-------+-------+-------+-------++-------
Melee: Unarmed           |   152 |   222 |   347 |   106 ||   827
Invok: Upheaval          |       |       |     5 |       ||     5
       Elemental Force   |       |       |     1 |       ||     1
Evoke: Wand              |       |     1 |     2 |     2 ||     5
  Use: Scroll            |       |     2 |    16 |       ||    18
       Potion            |       |     1 |     1 |       ||     2
 Stab: Sleeping          |     6 |     4 |       |       ||    10
       Paralysed         |       |     8 |     8 |     9 ||    25
       Invisible         |       |     5 |       |       ||     5
  Eat: Chunk             |     1 |     9 |     8 |     1 ||    19
       Ration            |       |       |     1 |       ||     1
Armor: Robe              |    27 |     9 |       |       ||    36
       Scale mail        |       |     7 |       |       ||     7
       Ring mail         |       |     5 |    57 |    36 ||    98
       Chain mail        |       |    73 |    61 |       ||   134
       Skin              |       |       |     4 |       ||     4
Dodge: Dodged            |   120 |    81 |   125 |    79 ||   405
Block: Buckler           |    16 |    65 |   140 |    62 ||   283

Table legend:
 A = Spawn XP
 B = Non-spawn XP
 C = Spawn XP percentage of total XP
 D = Spawn monster count
 E = Non-spawn monster count
 F = Spawn count percentage of total count
 G = Total turns spent on level
                    A         B        C        D         E        F      G
               +---------+---------+-------+---------+---------+-------+---------
         Total |       0 |    5237 |   0.0 |       0 |     157 |   0.0 |  7859
               +---------+---------+-------+---------+---------+-------+---------
           D:1 |       0 |      45 |   0.0 |       0 |      24 |   0.0 |  1508
           D:2 |       0 |      47 |   0.0 |       0 |      20 |   0.0 |  1164
           D:3 |       0 |      53 |   0.0 |       0 |      16 |   0.0 |   608
           D:4 |       0 |     606 |   0.0 |       0 |      21 |   0.0 |   973
           D:5 |       0 |     861 |   0.0 |       0 |      17 |   0.0 |  1091
           D:6 |       0 |    1126 |   0.0 |       0 |      22 |   0.0 |  1319
           D:7 |       0 |    1040 |   0.0 |       0 |      14 |   0.0 |   711
           D:8 |       0 |    1459 |   0.0 |       0 |      23 |   0.0 |   485
               +---------+---------+-------+---------+---------+-------+---------
